 Dungeon Crawl Stone Soup version 0.28-a0-1130-gc51a68064b (webtiles) character file.

Game seed: 8442596993748671708

56 spaghetti the Slasher (level 3, 0/34 HPs)
             Began as a Naga Chaos Knight on Dec 13, 2021.
             Was a Plaything of Xom.
             Slain by an orc (10 damage)
             ... on level 3 of the Dungeon.
             The game lasted 00:05:40 (2626 turns).

spaghetti the Slasher (Naga Chaos Knight)           Turns: 2626, Time: 00:05:40

Health: 0/34       AC:  5    Str: 16    XL:     3   Next: 97%
Magic:  3/3        EV:  9    Int: 14    God:    Xom [..*...]
Gold:   104        SH:  0    Dex: 12    Spells: 2/2 levels left

rFire   . . .      SeeInvis +   a - +0 falchion (chaos) {long}
rCold   . . .      Faith    .   (no shield)
rNeg    . . .      Spirit   .   b - +2 leather armour
rPois   +          Reflect  .   (no helmet)
rElec   .          Harm     .   g - +0 cloak
rCorr   .          Rampage  .   (no gloves)
Will    .....                   (no barding)
Stlth   ++........              (no amulet)
HPRegen 0.11/turn               (no ring)
MPRegen 0.08/turn               (no ring)

@: short of breath, flying, very slow
A: AC +1, large, see invisible, deformed body, poison resistance, slowness 2,
spit poison 1, naga tail 1, thin skeletal structure 1, clever 1
a: Spit Poison, Renounce Religion


You were on level 3 of the Dungeon.
You worshipped Xom.
You were a toy of Xom.
You visited 1 branch of the dungeon, and saw 3 of its levels.

You collected 104 gold pieces.


Innate Abilities, Weirdness & Mutations

Your serpentine skin is tough. (AC +1)
You have supernaturally acute eyesight. (SInv)
Armour fits poorly on your strangely shaped body.
Your system is resistant to poisons. (rPois)
You cover ground very slowly.
You can spit poison.
You have a snake-like lower body.
You have a somewhat thin skeletal structure. (Dex +2, Stealth+)
Your mind is acute. (Int +2)


   Skills:
 - Level 3.0 Fighting
 + Level 4.4 Long Blades
 + Level 1.2 Throwing
 - Level 1.5 Armour
 - Level 0.7 Dodging


You had 2 spell levels left.
You didn't know any spells.
Your spell library was empty.

Inventory:

Hand Weapons
 a - a +0 falchion of chaos (weapon) {long}
Missiles
 e - 64 stones (quivered) {throwing}
 f - 44 arrows
Armour
 b - a +2 leather armour (worn)
 g - a +0 cloak (worn)
   (You found it on level 1 of the Dungeon)
Scrolls
 c - a scroll of enchant weapon {unknown}
 d - 2 scrolls of identify {unknown}
 h - a scroll of magic mapping {unknown}
 i - a scroll of summoning {unknown}
 j - a scroll of enchant armour {unknown}
 k - a scroll of brand weapon {unknown}

Dungeon Overview and Level Annotations

Branches:
Dungeon (3/15)

Altars:

## ###.### .
#..#.....#.##
..#.....#..
..........
...#.>...#.#
##.#..#.b...#.#
...#..###.###b#
........bo.b.###.##
.#......####@.......
...#..#.###..###.###
............## #
..........######.#
...###...........
##......## #......#
#......##.#.....
#......##.#.....


You could see an orc (berserk, ally target).


Message History

No target in view!
No target in view!
No target in view!
No target in view!
No target in view!
No target in view!
No target in view!
A giant cockroach and an orc come into view.
Found a stone staircase leading down.
The orc moves out of view. 😎 HP[+2]
Your hp is fully restored (34).
Setting a skill training target for Throwing at 8.0.
Unknown command.
Unknown command.
A giant cockroach is nearby!
The orc closely misses you.
You hit the orc but do no damage.
The orc goes berserk!
Xom is interested.
The orc closely misses you. The orc barely misses you.
Unknown command.
You closely miss the orc. The orc hits you with a +0 trident.
The giant cockroach bites you but does no damage. 😕 HP[-1]
You take 1 damage, and now have 33/34 hp.
You hit the giant cockroach.
The giant cockroach bites you but does no damage.
The giant cockroach closely misses you.
You hit the giant cockroach but do no damage.
The giant cockroach seems to grow stronger.
Xom is interested.
You hear a shout!
The giant cockroach bites you. 😕 HP[-2]
You take 2 damage, and now have 31/34 hp.
You hit the giant cockroach. You freeze the giant cockroach.
You kill the giant cockroach!
The orc hits you from afar with a +0 trident.
The orc completely misses you. 😮 HP[-6]
You take 6 damage, and now have 25/34 hp.
You are too injured to fight recklessly!
You are too injured to fight recklessly!
You are too injured to fight recklessly!
You are too injured to fight recklessly!
You are too injured to fight recklessly!
You are too injured to fight recklessly!
You are too injured to fight recklessly!
You are too injured to fight recklessly!
You are too injured to fight recklessly!
You are too injured to fight recklessly!
You are too injured to fight recklessly!
You are too injured to fight recklessly!
You are too injured to fight recklessly!
You are too injured to fight recklessly!
You aren't carrying any items that you can evoke.
Aiming: Spit Poison (2% risk of failure)
Press: ? - help, Shift-Dir - straight line, f - orc
Aim: an orc, wielding a +0 trident and wearing a +0 scale mail (berserk)
The splash of poison hits the orc.
The orc hits you from afar with a +0 trident!
* * * LOW HITPOINT WARNING * * *
😨 HP[-11]
You take 11 damage, and now have 14/34 hp.
MASSIVE DAMAGE!! (PAUSE) It was a potion of flight.
You feel very buoyant.
You fly up into the air.
The orc closely misses you. The orc misses you.
Unknown command.
It was a potion of curing.
You feel better. The orc barely misses you. 😮 HP[+5]
You regained 5 hp, and now have 19/34 hp.
It was a potion of ambrosia.
You are confused.
You feel invigorated. The orc barely misses you.
The orc closely misses you. 😮 HP[+4]
You regained 4 hp, and now have 23/34 hp.
You bump into the rock wall.
The orc barely misses you. 😕 HP[+3]
You regained 3 hp, and now have 26/34 hp.
You bump into the rock wall.
You feel less invigorated.
You feel less confused.
You have got your breath back.
The orc barely misses you.
The orc hits you from afar with a +0 trident! 😮 HP[-6]
You take 6 damage, and now have 20/34 hp.
Aiming: Spit Poison (2% risk of failure)
Press: ? - help, Shift-Dir - straight line, f/p - orc
Aim: an orc, wielding a +0 trident and wearing a +0 scale mail (moderately wounded, berserk)
The splash of poison misses the orc.
The orc hits you from afar with a +0 trident!
* * * LOW HITPOINT WARNING * * *
A shower of butterflies erupts from you! 😨 HP[-10]
You take 10 damage, and now have 10/34 hp.
MASSIVE DAMAGE!! (PAUSE)
The orc barely misses you.
The orc hits you from afar with a +0 trident!
You die...

Skill      XL: |  1  2  3 |
---------------+----------+-----
Long Blades    | 4 |  4.4
Throwing       | 1 |  1.2
Fighting       | |  3.0
Armour         | |  1.5
Dodging        | |  0.7

Action                   || total
-------------------------++-------
Melee: Falchion          ||    90
Throw: Stone             ||    27
 Abil: Spit Poison       ||    22
  Use: Potion            ||     3
 Stab: Sleeping          ||     1
Armor: Leather armour    ||    27
Dodge: Dodged            ||    52

Levels and vault maps discovered:
D:1:      lightli_molten_gateway, layout_loops_corners
D:2:      layout_rooms, chequers_ecumenical_altar_grove
D:3:      layout_rooms, chequers_temple_overflow_minitemple,
          minmay_misc_feat_pillars, chequers_serial_rivers_micro_d,
          hangedman_abyss_or_decor_stabs, st_stairs_3

Notes
Turn   | Place    | Note
-------+----------+-------------------------------------------
     0 | D:1      | spaghetti the Naga Chaos Knight began the quest for the
                  | Orb.
     0 | D:1      | Reached XP level 1. HP: 21/21 MP: 1/1
     0 | D:1      | magus.rc [v1.9.6]
    57 | D:1      | Reached XP level 2. HP: 28/28 MP: 2/2
   619 | D:1      | XOM: fake destruction
   621 | D:1      | Reached skill level 4 in Long Blades
   738 | D:1      | Reached XP level 3. HP: 32/34 MP: 3/3
   744 | D:1      | XOM: give mutations
   744 | D:1      | Gained mutation: Your mind is acute. (Int +2) [Xom's grace]
   744 | D:1      | Gained mutation: You have a somewhat thin skeletal
                  | structure. (Dex +2, Stealth+) [Xom's grace]
   765 | D:1      | XOM: divination: detect creatures
  1311 | D:1      | XOM: silly message
  1322 | D:1      | XOM: divination: magic mapping
  1499 | D:1      | XOM: divination: detect items
  1522 | D:2      | XOM: silly message
  1672 | D:2      | XOM: silly message
  2144 | D:2      | Reached skill level 1 in Throwing
  2390 | D:2      | Found a faded altar of an unknown god.
  2624 | D:3      | XOM: butterfly on damage
  2626 | D:3      | Slain by an orc

Vanquished Creatures
  3 ball pythons (D:1)
  5 bats
  7 endoplasms
  3 giant cockroaches
  7 goblins
  6 hobgoblins
  2 jackals (D:2)
  2 quokkas (D:1)
  5 frilled lizards (D:2)
  3 kobolds
  6 rats
49 creatures vanquished.

Table legend:
 A = Non-vault XP
 B = Vault XP
 C = Vault XP percentage of total XP
 D = Non-vault monster count
 E = Vault monster count
 F = Vault count percentage of total count
                 A         B        C        D         E       F
            +---------+---------+-------+---------+---------+-------
      Total |      79 |       2 |   2.5 |      48 |       1 |   2.0
            +---------+---------+-------+---------+---------+-------
        D:1 |      46 |       0 |   0.0 |      28 |       0 |   0.0
        D:2 |      31 |       0 |   0.0 |      19 |       0 |   0.0
        D:3 |       2 |       2 |  50.0 |       1 |       1 |  50.0
            +---------+---------+-------+---------+---------+-------

Illustrated notes

Table legend:
 A = Kills in this place as a percentage of kills in entire the game.
 B = Kills by you in this place as a percentage of kills by you in the entire game.
 C = Kills by friends in this place as a percentage of kills by friends in the entire game.
 D = Other kills in this place as a percentage of other kills in the entire game.
 E = Experience gained in this place as a percentage of experience gained in the entire game.
 F = Experience gained in this place divided by the number of levels of this place that you have seen.
                   A       B       C       D       E      F
               +-------+-------+-------+-------+-------+----------------------
         Total | 100.0 | 100.0 |   N/A |   N/A | 100.0 |  27.0
       Dungeon | 100.0 | 100.0 |   N/A |   N/A | 100.0 |  27.0
               +-------+-------+-------+-------+-------+----------------------

Table legend: (Time is in decaauts)
 A = Elapsed time spent in this place.
 B = Non-inter-level travel time spent in this place.
 C = Inter-level travel time spent in this place.
 D = Time resting spent in this place.
 E = Time spent auto-exploring this place.
 F = Levels seen in this place.
 G = Mean time per level.
                   A        B        C        D        E       F      G
               +--------+--------+--------+--------+--------+-----+--------+
         Total |   3137 |   3015 |    122 |    966 |   1716 |   3 | 1045.7 |
       Dungeon |   3137 |   3015 |    122 |    966 |   1716 |   3 | 1045.7 |
               +--------+--------+--------+--------+--------+-----+--------+

Top non-repeatable levels by time:
     D:1: 1836 daAuts
     D:2: 1226 daAuts
     D:3: 75 daAuts
